 Dungeon Crawl Stone Soup version 0.29-a0-998-g1987434951 (webtiles) character file.

Game seed: 11877559279790649040

532 IdlyInterested the Cudgeller (level 7, -3/50 HPs)
             Began as a Demonspawn Gladiator on Aug 5, 2022.
             Slain by a gnoll
             ... wielding a +0 halberd
             ... led by a gnoll bouda
              (11 damage)
             ... on level 4 of the Dungeon.
             The game lasted 00:09:18 (4311 turns).

IdlyInterested the Cudgeller (Demonspawn Gladiator) Turns: 4311, Time: 00:09:18

Health: -3/50      AC:  9    Str: 16    XL:     7   Next: 3%
Magic:  10/10      EV:  7    Int: 13    God:
Gold:   214        SH:  0    Dex: 19    Spells: 10/10 levels left

rFire   . . .      SeeInvis +   m - +10 spear of Bloody Death {vamp, Dex+4 SInv}
rCold   + . .      Faith    .   (no shield)
rNeg    . . .      Spirit   .   i - +0 chain mail
rPois   +          Reflect  .   c - +0 helmet
rElec   .          Harm     .   (no cloak)
rCorr   .          Rampage  .   (no gloves)
Will    .....                   (no boots)
Stlth   ..........              (no amulet)
HPRegen 0.16/turn               k - ring of poison resistance
MPRegen 0.24/turn               t - ring of protection from cold

@: weakened
A: magic regeneration, big brain 2
a: no special abilities


You were on level 4 of the Dungeon.
You visited 2 branches of the dungeon, and saw 5 of its levels.

You collected 214 gold pieces.

Inventory:

Hand Weapons
 m - the +10 spear of Bloody Death (weapon) {vamp, Dex+4 SInv}
   (You found it on level 2 of the Dungeon)

   It occasionally heals its wielder for a portion of the damage dealt when it
   wounds a living foe.
   Dex:       It affects your dexterity (+4).
   SInv:      It lets you see invisible.
 r - the +8 short sword "Kerriuk" {pain, Str+4}
   (You found it on level 2 of the Dungeon)

   In the hands of one skilled in necromantic magic, it inflicts extra damage on
   living creatures.
   Str:       It affects your strength (+4).
 u - a +0 morningstar
 F - the +7 dagger of Shame {vorpal, Int+2 Dex-5 SInv}
   (You found it on level 4 of the Dungeon)

   It inflicts extra damage upon your enemies.
   Int:       It affects your intelligence (+2).
   Dex:       It affects your dexterity (-5).
   SInv:      It lets you see invisible.
Missiles
 d - 3 throwing nets
 e - a javelin
 C - 4 boomerangs (quivered)
Armour
 c - a +0 helmet (worn)
 i - a +0 chain mail (worn)
 G - an orb of mayhem
Jewellery
 k - a ring of poison resistance (left hand)
 t - a ring of protection from cold (right hand)
 v - a ring of fire
Scrolls
 f - a scroll of blinking {unknown}
 g - a scroll of identify {unknown}
 h - 2 scrolls of fear {unknown}
 l - 3 scrolls of butterflies {unknown}
 o - a scroll of immolation {unknown}
 p - a scroll of enchant weapon {unknown}
 q - 2 scrolls of teleportation {unknown}
 s - a scroll of noise {unknown}
 x - a scroll of summoning {unknown}
 y - a scroll of amnesia {unknown}
 A - a scroll of enchant armour {unknown}
 B - a scroll of poison {unknown}
 E - a scroll of magic mapping {unknown}
Potions
 a - a potion of brilliance {unknown}
 b - 2 potions of magic {unknown}
 j - a potion of flight {unknown}
 n - 2 potions of degeneration {unknown}
 w - 2 potions of attraction {unknown}
 z - a potion of berserk rage {unknown}
 D - a potion of invisibility {unknown}


   Skills:
 - Level 2.0 Fighting
 * Level 6.5 Maces & Flails
 - Level 1.7 Throwing
 - Level 2.0 Armour
 - Level 2.6 Dodging
 + Level 0.4 Stealth
 - Level 2.0 Spellcasting


You had 10 spell levels left.
You didn't know any spells.
Your spell library contained the following spells:

 Spells                   Type           Power      Damage    Failure   Level
 Apportation              Tloc           2%         N/A       99%         1
 Necrotise                Necr           4%         1d4       99%         1
 Sandblast                Erth           2%         2d4       99%         1
 Summon Small Mammal      Summ           4%         N/A       99%         1
 Blink                    Tloc           2%         N/A       100%        2
 Passwall                 Tmut/Erth      0%         N/A       100%        2
 Lesser Beckoning         Tloc           1%         N/A       100%        3
 Stone Arrow              Conj/Erth      2%         3d7       100%        3
 Manifold Assault         Tloc           1%         N/A       100%        5


Dungeon Overview and Level Annotations

Branches:
Dungeon (4/15)             Temple (1/1) D:4

Altars:
Ashenzari
Cheibriados
Dithmenos
Fedhas
Gozag
Hepliaklqana
Kikubaaqudgha
Makhleb
Nemelex Xobeh
Okawaru
Qazlal
Ru
Trog
Vehumet
Wu Jian
Xom
Yredelemnul

Shops:
D:2 ?   D:4 (


Innate Abilities, Weirdness & Mutations

You regenerate magic rapidly.
You have an extremely huge brain. (Int +4)


Message History

The gnoll closely misses you.
You puncture the gnoll!
You kill the gnoll!
The gnoll hits you from afar with a +0 halberd.
The gnoll closely misses you.
You barely miss the hound. The hound bites you but does no damage.
The hound barely misses you. The gnoll hits you but does no damage.
You barely miss the hound. The hound bites you. The gnoll closely misses you.
The gnoll bouda closely misses you. The hound bites you but does no damage.
You puncture the hound!
You feel better.
The hound is almost dead.
The hound bites you but does no damage.
The gnoll hits you from afar with a +0 halberd!
The gnoll bouda gazes fiercely through you!
You feel your attacks grow feeble.
The gnoll bouda hits you but does no damage.
You hit the hound.
You feel better.
You kill the hound!
The gnoll bouda hits you but does no damage.
The gnoll closely misses you.
You have reached level 7!
You hit the gnoll.
You feel better.
The gnoll is moderately wounded.
The gnoll hits you with a +0 club.
The gnoll bouda hits you with a +0 whip!
The gnoll hits you from afar with a +0 halberd.
The gnoll hits you with a +0 club.
You hit the gnoll.
The gnoll is almost dead.
The gnoll bouda hits you with a +0 whip.
* * * LOW HITPOINT WARNING * * *
The gnoll hits you from afar with a +0 halberd.
* * * LOW HITPOINT WARNING * * *
The gnoll barely misses you.
You hit the gnoll.
You feel better.
You kill the gnoll!
The gnoll bouda hits you with a +0 whip.
* * * LOW HITPOINT WARNING * * *
The gnoll hits you from afar with a +0 halberd!
You die...

####### #.###
#......# ##....#
#......# ##.....#
#......####.....#
.##......##......#
................##
#.......#......##
##.....####.....##
#.....# ##.@g..#
##...## ###)g..#
##..# #....#
#.####### ##...#
#.##....# ...
##..†....## ..
###.........# #
##...........##
##.............#


You could see a gnoll bouda and a gnoll (swift).

Vanquished Creatures
  Grinder (D:4)
  A necrophage (D:4)
  A scorpion (D:4)
  A hound (D:4)
  2 gnolls (D:4)
  7 adders
  4 worms
  A dart slug (D:2)
  7 orcs
  9 ball pythons
  6 endoplasms
  A giant cockroach (D:1)
  7 hobgoblins
  4 jackals (D:1)
  5 kobolds
  6 quokkas
  7 bats
  5 frilled lizards
  10 goblins
  8 rats
93 creatures vanquished.

Vanquished Creatures (others)
  20 plants (D:4)
20 creatures vanquished.

Grand Total: 113 creatures vanquished

Notes
Turn   | Place    | Note
-------+----------+-------------------------------------------
     0 | D:1      | IdlyInterested the Demonspawn Gladiator began the quest for
                  | the Orb.
     0 | D:1      | Reached XP level 1. HP: 16/16 MP: 1/1
   118 | D:1      | Reached skill level 3 in Maces & Flails
   121 | D:1      | Gained mutation: You have an unusually large brain. (Int
                  | +2) [demonic ancestry]
   121 | D:1      | Reached XP level 2. HP: 20/22 MP: 2/2
   446 | D:1      | Reached skill level 1 in Armour
   939 | D:1      | Gained mutation: You regenerate magic rapidly. [demonic
                  | ancestry]
   939 | D:1      | Reached XP level 3. HP: 27/27 MP: 3/3
  1372 | D:2      | Identified the +10 spear of Bloody Death {vamp, Dex+4 SInv}
  1437 | D:2      | Found a faded altar of an unknown god.
  1685 | D:2      | Identified the +8 short sword "Kerriuk" {pain, Str+4}
  1861 | D:2      | Reached skill level 4 in Maces & Flails
  1991 | D:2      | Found Alede's Magic Scroll Emporium.
  2033 | D:2      | Reached XP level 4. HP: 27/33 MP: 4/4
  2915 | D:3      | Found an iron altar of Okawaru.
  2926 | D:3      | Found a shimmering altar of Xom.
  3421 | D:4      | Reached XP level 5. HP: 38/38 MP: 5/5
  3457 | D:4      | Found Jaconem's Weapon Shoppe.
  3494 | D:4      | Reached skill level 1 in Spellcasting
  3645 | D:4      | Noticed a moth of wrath
  3648 | D:4      | Found a bloodstained altar of Trog.
  3658 | D:4      | Reached skill level 5 in Maces & Flails
  3684 | D:4      | Identified the +7 dagger of Shame {vorpal, Int+2 Dex-5
                  | SInv}
  3763 | D:4      | Gained mutation: You have an extremely huge brain. (Int +4)
                  | [demonic ancestry]
  3763 | D:4      | Reached XP level 6. HP: 44/44 MP: 8/8
  3852 | D:4      | Found a burning altar of Makhleb.
  3865 | D:4      | Found a hazy altar of Hepliaklqana.
  3868 | D:4      | Found a basalt altar of Yredelemnul.
  3931 | D:4      | Found a staircase to the Ecumenical Temple.
  3940 | Temple   | Entered the Ecumenical Temple
  4114 | D:4      | Noticed Grinder
  4119 | D:4      | Paralysed by Grinder for 5 turns
  4129 | D:4      | Paralysed by Grinder for 3 turns
  4135 | D:4      | Killed Grinder
  4136 | D:4      | Reached skill level 6 in Maces & Flails
  4309 | D:4      | Reached XP level 7. HP: 28/50 MP: 10/10
  4311 | D:4      | Slain by a gnoll

Illustrated notes

Levels and vault maps discovered:
D:1:      onia_arrival_handbag, layout_basic
D:2:      minmay_evil_eye, layout_rooms, basic_ecumenical_altar, serial_shops,
          nicolae_lakefront_shop, nrook_mini_vaults
D:3:      layout_loops_ring, amethyst_overflow_temple_binary
D:4:      layout_cave_pods, tgw_trog, minmay_overflow_temple_star_quad,
          minmay_temple_entry_trees, serial_bayou, serial_bayou_ford_a,
          serial_bayou_lagoon_a, serial_bayou_shore_b, serial_bayou_shore_b,
          serial_shops, nicolae_lakefront_shop, uniq_grinder
Temple:   nicolae_temple_ecumenical_triangle

Skill      XL: |  1  2  3  4  5  6 |
---------------+-------------------+-----
Maces & Flails | 3 4 5 6 |  6.5
Armour         | 1 2 |  2.0
Spellcasting   | 1 2 |  2.0
Fighting       | |  2.0
Throwing       | |  1.7
Dodging        | |  2.6
Stealth        | |  0.4

Action                   |  1- 3 |  4- 6 |  7- 9 || total
-------------------------+-------+-------+-------++-------
Melee: Flail             |    82 |       |       ||    82
       Spear             |    35 |   113 |     3 ||   151
 Stab: Sleeping          |     1 |       |       ||     1
Armor: Leather armour    |     4 |       |       ||     4
       Chain mail        |    76 |    54 |       ||   130
Dodge: Dodged            |    54 |    41 |     1 ||    96

Table legend: (Time is in decaauts)
 A = Elapsed time spent in this place.
 B = Non-inter-level travel time spent in this place.
 C = Inter-level travel time spent in this place.
 D = Time resting spent in this place.
 E = Time spent auto-exploring this place.
 F = Levels seen in this place.
 G = Mean time per level.
                   A        B        C        D        E       F      G
               +--------+--------+--------+--------+--------+-----+--------+
         Total |   4351 |   3905 |    446 |    655 |   2302 |   5 |  870.2 |
       Dungeon |   4298 |   3852 |    446 |    655 |   2265 |   4 | 1074.5 |
        Temple |     52 |     52 |      0 |      0 |     37 |   1 |   52.0 |
               +--------+--------+--------+--------+--------+-----+--------+

Top non-repeatable levels by time:
     D:1: 1509 daAuts
     D:4: 1047 daAuts
     D:3: 1027 daAuts
     D:2: 714 daAuts
  Temple: 52 daAuts
